 Dungeon Crawl Stone Soup version 0.28-a0-773-g130ae17fe5 (webtiles) character file.

Game seed: 16954260782384748297

93 Rennog the Magician (level 4, 0/24 HPs)
             Began as a Deep Elf Summoner on Nov 1, 2021.
             Frozen to death by an endoplasm (5 damage)
             ... on level 3 of the Dungeon.
             The game lasted 00:07:15 (2782 turns).

Rennog the Magician (Deep Elf Summoner)             Turns: 2782, Time: 00:07:16

Health: 0/24       AC:  3    Str:  5    XL:     4   Next: 37%
Magic:  22/22      EV: 13    Int: 21    God:
Gold:   132        SH:  0    Dex: 15    Spells: 7/13 levels left

rFire   . . .      SeeInvis .   g - +1 dagger (protect)
rCold   . . .      Faith    .   (no shield)
rNeg    . . .      Spirit   .   a - +0 robe
rPois   .          Reflect  .   (no helmet)
rElec   .          Harm     .   f - +0 cloak
rCorr   .          Rampage  .   (no gloves)
Will    .....                   (no boots)
Stlth   ++........              l - amulet of magic regeneration
HPRegen 0.08/turn               b - ring of magical power
MPRegen 0.43/turn               (no ring)

@: no status effects
A: no striking features
a: no special abilities


You were on level 3 of the Dungeon.
You visited 1 branch of the dungeon, and saw 3 of its levels.

You collected 132 gold pieces.

Inventory:

Hand Weapons
 g - a +1 dagger of protection (weapon)
Missiles
 d - 2 throwing nets
Armour
 a - a +0 robe (worn)
 f - a +0 cloak (worn)
Jewellery
 b - a ring of magical power (left hand)
 l - an amulet of magic regeneration (around neck)
Scrolls
 c - a scroll of acquirement {unknown}
 e - 2 scrolls of fog {unknown}
 h - 2 scrolls of amnesia {unknown}
 k - a scroll of enchant weapon {unknown}
 m - a scroll of brand weapon {unknown}
 n - a scroll of fear {unknown}
Potions
 i - a potion of lignification {unknown}
 j - a potion of attraction {unknown}


   Skills:
 + Level 3.4 Dodging
 - Level 2.4 Stealth
 + Level 5.0 Spellcasting
 * Level 5.0 Summonings


You had 7 spell levels left.
You knew the following spells:

 Your Spells              Type           Power      Damage    Failure   Level
a - Summon Small Mammal   Summ           100%       N/A       1%          1
b - Call Imp              Summ           26%        N/A       1%          2
c - Call Canine Familiar  Summ           26%        N/A       4%          3

Your spell library contained the following spells:

 Spells                   Type           Power      Damage    Failure   Level
 Summon Guardian Golem    Hex/Summ       15%        N/A       12%         3
 Gell's Gravitas          Tloc           5%         N/A       32%         3
 Lesser Beckoning         Tloc           5%         N/A       32%         3
 Teleport Other           Tloc           5%         N/A       32%         3
 Summon Lightning Spire   Summ/Air       15%        N/A       36%         4


Dungeon Overview and Level Annotations

Branches:
Dungeon (3/15)

Altars:
Yredelemnul


Message History

Your hound barely misses the orc priest.
Your hound bites the orc priest.
Your crimson imp blinks!
Your hound bites the orc priest.
The orc priest hits your hound with a +0 hand axe!
Your hound dies!
Your hound's corpse disappears in a puff of smoke!
The orc priest hits your quokka with a +0 hand axe.
Your quokka barely misses the orc priest.
Your quokka completely misses the orc priest.
The orc priest closely misses your quokka.
Your quokka barely misses the orc priest.
The orc priest closely misses your quokka.
Casting: Summon Small Mammal (safe; 1% risk of failure)
Confirm with . or Enter, or press ? or * to list all spells.
The spell is quite dangerous to cast (4% risk of failure)!
Continue anyway?
Your quokka bites the orc priest.
The orc priest invokes the aid of Beogh against your quokka.
Your quokka is smitten.
Your quokka dies!
Your quokka's corpse disappears in a puff of smoke!
The endoplasm freezes you.
You are frozen.
* * * LOW HITPOINT WARNING * * *
The orc completely misses you.
Something barely misses your crimson imp.
Your hound bites the endoplasm.
Your crimson imp is smitten.
Your hound barely misses the orc.
Your crimson imp is smitten.
Your crimson imp dies!
Your crimson imp disappears in a puff of smoke!
Your hound bites the orc but does no damage.
Your hound bites the orc.
Your hound is smitten.
Your hound bites the orc.
The orc dies!
The endoplasm freezes you.
You are frozen.
You die...

###########
#.........#
#(#######.#
##.#######.#######
#..........J.....###
#..#######@#h.......
#..# #.#.....##.
###..#######.#h.......
#............#.#.####.
#.#.###.######)#.#
#.#.###.# #.#.####.#
## #....##.#
#........# .#
#.....#.# ##...#####
.# #..>..#.# ##.....##


You could see an endoplasm.

Vanquished Creatures
  A hobgoblin (D:1)
  A jackal (D:3)
  A ball python (D:2)
  A bat (D:2)
4 creatures vanquished.

Vanquished Creatures (collateral kills)
  An orc wizard (D:3)
  An adder (D:2)
  A dart slug (D:2)
  5 orcs (D:3)
  3 ball pythons
  2 endoplasms
  A giant cockroach (D:1)
  8 goblins
  A hobgoblin (D:1)
  2 jackals (D:3)
  6 kobolds
  3 quokkas
  2 bats
  2 frilled lizards (D:1)
  2 rats (D:1)
40 creatures vanquished.

Vanquished Creatures (others)
  An orc wizard (D:3)
  3 plants (D:1)
4 creatures vanquished.

Grand Total: 48 creatures vanquished

Notes
Turn   | Place    | Note
-------+----------+-------------------------------------------
     0 | D:1      | Rennog the Deep Elf Summoner began the quest for the Orb.
     0 | D:1      | Reached XP level 1. HP: 10/10 MP: 6/6
   607 | D:1      | Reached XP level 2. HP: 11/15 MP: 8/8
   610 | D:1      | Learned a level 2 spell: Call Imp
  1815 | D:2      | Reached XP level 3. HP: 8/19 MP: 10/10
  1830 | D:2      | Learned a level 3 spell: Call Canine Familiar
  2507 | D:3      | Reached XP level 4. HP: 24/24 MP: 12/12
  2528 | D:3      | Found a faded altar of an unknown god.
  2554 | D:3      | Reached skill level 5 in Spellcasting
  2631 | D:3      | Found a basalt altar of Yredelemnul.
  2763 | D:3      | Reached skill level 5 in Summonings
  2782 | D:3      | Frozen to death by an endoplasm

Illustrated notes

Levels and vault maps discovered:
D:1:      nzn_arrival_depleted_hourglass, layout_basic, serial_bayou_lake_a
D:2:      layout_rooms
D:3:      layout_loops_corners, kennysheep_orc_sif_temple, tgw_kikubaaqudgha,
          lemuel_round_altar, basic_ecumenical_altar, chequers_garden,
          uniq_robin, uniq_jessica, uniq_crazy_yiuf_cottage

Skill      XL: |  1  2  3  4 |
---------------+-------------+-----
Spellcasting   | 4 5 |  5.0
Dodging        | 3 |  3.4
Summonings     | 5 |  5.0
Stealth        | |  2.4

Action                   |  1- 3 |  4- 6 || total
-------------------------+-------+-------++-------
Melee: Unarmed           |     4 |       ||     4
       Dagger            |    11 |    10 ||    21
 Cast: Summon Small Mamm |    67 |     6 ||    73
       Call Imp          |    18 |     3 ||    21
       Call Canine Famil |     6 |     2 ||     8
 Stab: Sleeping          |     1 |       ||     1
       Distracted        |       |     1 ||     1
Armor: Robe              |    15 |     3 ||    18
Dodge: Dodged            |    54 |    15 ||    69

Table legend: (Time is in decaauts)
 A = Elapsed time spent in this place.
 B = Non-inter-level travel time spent in this place.
 C = Inter-level travel time spent in this place.
 D = Time resting spent in this place.
 E = Time spent auto-exploring this place.
 F = Levels seen in this place.
 G = Mean time per level.
                   A        B        C        D        E       F      G
               +--------+--------+--------+--------+--------+-----+--------+
         Total |   2811 |   2758 |     53 |     98 |   2160 |   3 |  937.0 |
       Dungeon |   2811 |   2758 |     53 |     98 |   2160 |   3 |  937.0 |
               +--------+--------+--------+--------+--------+-----+--------+

Top non-repeatable levels by time:
     D:1: 1822 daAuts
     D:2: 621 daAuts
     D:3: 366 daAuts
